AoeStats
← NoFanMePlz

Migration

510100583Analyzed
1v1 RM · 22h ago on Sep 29, 2026· 47m 14s· 2 players
Game mode
Random Map
Map size
132×132
Population
200
Speed
Normal
Resources
Standard
Victory
Conquest
Starting age
Dark Age
Ending age
Imperial Age
RankedLock teamsTeams togetherTeam positionsShared explorationLock speedFull tech treeHidden civsTurbo modeCheats
Victory
Defeat
🇦🇷 Vikings · Argentina
847
+16
🇵🇱 Spanish · Poland
855
-16
NoFanMePlz
10:39 Loom
12:41 Feudal Age
13:19 Double-Bit Axe
13:17 Horse Collar
13:29 Gold Mining
18:52 Castle Age
17:04 Padded Archer Armor
21:44 Fletching
26:24 Bodkin Arrow
26:44 Leather Archer Armor
27:52 Ballistics
30:54 Careening
30:54 Clinker Construction
34:31 Imperial Age
33:21 Stone Mining
34:34 Siphons
34:33 Elite Longship
36:49 Bracer
37:20 Ring Archer Armor
Mandelbrot
9:26 Loom
13:08 Feudal Age
15:19 Double-Bit Axe
21:44 Castle Age
19:38 Fletching
19:58 Forging
19:49 Padded Archer Armor
19:57 Scale Barding Armor
22:41 Medium Warships
25:54 Bodkin Arrow
26:27 Careening
26:29 Clinker Construction
29:20 Wheelbarrow
28:31 Town Watch
29:19 Ballistics
30:40 Horse Collar
35:28 Man-at-Arms
35:54 Gambesons
37:11 Heavy Plow
38:14 Redemption
41:39 Imperial Age
41:01 Chain Barding Armor
41:17 Iron Casting
42:51 Heavy Warships
42:58 Hand Cart
43:49 Cavalier
44:40 Bloodlines
46:07 Chemistry
Connection lost

Rejoining the realm…

Still unreachable

The connection could not be restored.

Session expired

The server has moved on; the page needs a fresh start.